 Dungeon Crawl Stone Soup version 0.29-a0-490-g77b3608bb8 (webtiles) character file.

Game seed: 2578506590424495054

47 snetch the Chopper (level 3, 0/49 HPs)
             Began as a Minotaur Berserker on May 26, 2022.
             Was a Follower of Trog.
             Succumbed to an orc's poison
             ... on level 2 of the Dungeon.
             The game lasted 00:02:11 (900 turns).

snetch the Chopper (Minotaur Berserker)              Turns: 900, Time: 00:02:12

Health: 0/49       AC:  5    Str: 23    XL:     3   Next: 48%
Magic:  2/2        EV: 11    Int:  4    God:    Trog [*.....]
Gold:   62         SH:  0    Dex:  9    Spells: 2/2 levels left

rFire   + + +      SeeInvis .   k - +8 glaive "Embalmer" {drain, Fragile rF+++ rCorr}
rCold   . . .      Faith    .   (shield currently unavailable)
rNeg    . . .      Spirit   .   g - +0 ring mail
rPois   .          Reflect  .   (helmet restricted)
rElec   .          Harm     .   (no cloak)
rCorr   +          Rampage  .   (no gloves)
Will    .....                   (no boots)
Stlth   ..........              (no amulet)
HPRegen 0.16/turn               (no ring)
MPRegen 0.08/turn               (no ring)

@: berserking, lethally poisoned (0 -> -1), very quick
A: horns 2, retaliatory headbutt
a: Renounce Religion, Berserk


You were on level 2 of the Dungeon.
You worshipped Trog.
Trog was aware of your devotion.
You visited 1 branch of the dungeon, and saw 3 of its levels.

You collected 62 gold pieces.

Inventory:

Hand Weapons
 a - a +0 hand axe
 c - a +1 dagger of flaming
 k - the +8 glaive "Embalmer" (weapon) {drain, Fragile rF+++ rCorr}
   (You found it on level 3 of the Dungeon)

   A truly terrible weapon, it drains the life of any living foe it strikes.
   rF:        It renders you almost immune to fire.
   rCorr:     It protects you from acid and corrosion.
   Fragile:   It will be destroyed if unequipped.
Missiles
 j - 24 stones (quivered)
Armour
 g - a +0 ring mail (worn)
Scrolls
 b - 3 scrolls of immolation {unknown}
 d - a scroll of magic mapping {unknown}
 e - a scroll of poison {unknown}
 h - 2 scrolls of identify {unknown}
 i - a scroll of noise {unknown}
Potions
 f - 2 potions of haste {unknown}
 l - a potion of ambrosia {unknown}


   Skills:
 + Level 4.1 Fighting
 + Level 4.8 Axes
 + Level 2.5 Armour
 + Level 2.5 Dodging


You had 2 spell levels left.
You didn't know any spells.
Your spell library was empty.

Dungeon Overview and Level Annotations

Branches:
Dungeon (3/15)

Altars:
Kikubaaqudgha
Makhleb
Nemelex Xobeh
Ru


Innate Abilities, Weirdness & Mutations

You have a pair of horns on your head.
You reflexively headbutt those who attack you in melee.


Message History

You kill the bat!
Trog accepts your kill.
You reach to attack!
You closely miss the orc. You miss the adder. The orc barely misses you.
The adder bites you but does no damage. The orc hits you but does no damage.
You are poisoned.
The orc hits you with a +0 dagger. The adder bites you but does no damage.
You miss the adder.
You feel very sick. The adder closely misses you. The orc barely misses you.
The orc hits you with a +0 dagger. The adder barely misses you.
You slice the adder!!
You kill the adder!
Trog accepts your kill.
You feel sick. The orc barely misses you. You furiously retaliate!
You headbutt the orc. The orc hits you with a +0 dagger.
The orc closely misses you. The orc hits you with a +0 dagger.
The orc barely misses you.
The orc hits you with a +1 hand axe of venom!
The orc hits you but does no damage.
You feel sick. The orc hits you with a +0 dagger.
* * * LOW HITPOINT WARNING * * *
The orc hits you with a +0 dagger.
* * * LOW HITPOINT WARNING * * *
There is a stone staircase leading up here.
You feel sick. The orc hits you but does no damage. The orc closely misses you.
The orc hits you with a +0 dagger.
* * * LOW HITPOINT WARNING * * *
You climb upwards.
* * * LOW HITPOINT WARNING * * *
You feel sick.
There is a stone staircase leading down here.
Okay, then.
A red film seems to cover your vision as you go berserk!
You feel yourself moving faster!
You feel mighty!
You feel sick. The orc hits you with a +0 dagger.
* * * LOW HITPOINT WARNING * * *
The orc barely misses you. The orc completely misses you.
You closely miss the orc.
You die...

.......# ...#.# ###+##.#
#..#.##+##### #.##.#
#..#......... #.##.#
#..#......... #.##.# #
#............ #.##.#
#.#............ #.##.#
##.##........... ###.##.#
#.....o.o.......
....##.###......@########
###.....##...).#o#####
##......##...........#
........##...........#
.......[###.##.......#
........# #. #.......#
...###### # #.......#
.^.# #.......# ...#
#......)#


You could see 3 orcs.

Vanquished Creatures
  3 adders
  3 bats
  3 endoplasms
  3 giant cockroaches
  A hobgoblin (D:1)
  A quokka (D:1)
  A frilled lizard (D:1)
  2 goblins (D:1)
  2 kobolds (D:2)
  2 rats
21 creatures vanquished.

Notes
Turn   | Place    | Note
-------+----------+-------------------------------------------
     0 | D:1      | snetch the Minotaur Berserker began the quest for the Orb.
     0 | D:1      | Reached XP level 1. HP: 19/19 MP: 0/0
   237 | D:1      | Reached XP level 2. HP: 23/25 MP: 1/1
   283 | D:1      | Found a faded altar of an unknown god.
   613 | D:2      | Reached XP level 3. HP: 28/33 MP: 2/2
   745 | D:3      | Identified the +8 glaive "Embalmer" {drain, Fragile rF+++
                  | rCorr}
   889 | D:3      | Found an ancient bone altar of Kikubaaqudgha.
   889 | D:3      | Found a sparkling altar of Nemelex Xobeh.
   889 | D:3      | Found a burning altar of Makhleb.
   889 | D:3      | Found a sacrificial altar of Ru.
   899 | D:2      | HP: 1/49 [orc/+0 dagger (2)]
   900 | D:2      | Succumbed to an orc's poison

Illustrated notes

Levels and vault maps discovered:
D:1:      roderic_crossed_star, layout_basic, serial_shops,
          nicolae_shop_hallway_plus, shapermc_ecumenical_altar_starsandcircs,
          minmay_rat_gold_closets
D:2:      layout_basic, minmay_pentomino_v4
D:3:      layout_basic, grunt_temple_overflow_open

Skill      XL: |  1  2 |
---------------+-------+-----
Axes           | 4 |  4.8
Fighting       | 4 |  4.1
Armour         | |  2.5
Dodging        | |  2.5

Action                   || total
-------------------------++-------
Melee: Hand axe          ||    37
       Headbutt          ||     3
       Punch             ||     1
       Glaive            ||     7
Invok: Berserk           ||     1
Armor: Animal skin       ||     3
       Ring mail         ||     9
Dodge: Dodged            ||    34

Table legend: (Time is in decaauts)
 A = Elapsed time spent in this place.
 B = Non-inter-level travel time spent in this place.
 C = Inter-level travel time spent in this place.
 D = Time resting spent in this place.
 E = Time spent auto-exploring this place.
 F = Levels seen in this place.
 G = Mean time per level.
                   A        B        C        D        E       F      G
               +--------+--------+--------+--------+--------+-----+--------+
         Total |    906 |    906 |      0 |      0 |    683 |   3 |  302.0 |
       Dungeon |    906 |    906 |      0 |      0 |    683 |   3 |  302.0 |
               +--------+--------+--------+--------+--------+-----+--------+

Top non-repeatable levels by time:
     D:2: 514 daAuts
     D:1: 365 daAuts
     D:3: 27 daAuts
